Cogmind - Beta 15 @@@ ROGUE MODE // 2025.10.13 @ 20:27:17 Player: Bean Result: Destroyed self via exploding Fusion Modulator Performance ------------- Evolutions (3) 1500 Regions Visited (6) 1200 Robots Destroyed (28) 140 Value Destroyed (727) 727 Prototype IDs (24) 480 Alien Tech Used (0) 0 Bonus (335) 335 TOTAL SCORE: 4382 Bonus ------- Follower Combat Kills 35 Aligned with FarCom 300 Cogmind --------- Core Integrity 0/700 Matter 259/300 Energy 85/100 System Corruption 7% Temperature Cool (12) Movement Core (150) Ox2 Location -7/Factory Parts ------- > --- POWER (1) -------- (None) > --- PROPULSION (4) --- (None) > --- UTILITY (6) ------ System Shield > --- WEAPON (2) ------- Heavy Missile Launcher > --- INVENTORY (5) ---- Improved Heat Sink Superbattery (282) Advanced ECM Suite Recalibrator Peak State ------------ > --- POWER ------------ Micro Nuclear Core > --- PROPULSION ------- Carbon-fiber Leg Carbon-fiber Leg > --- UTILITY ---------- Medium Storage Unit Superbattery Improved Terrain Scanner Transmission Jammer ECM Suite System Shield > --- WEAPON ----------- Medium Laser Field Laser > --- INVENTORY -------- Light Nuclear Core Improved Heat Sink Improved Heat Sink Mining Claw Mining Claw [Rating: 37] Favorites ----------- Power Light Angular Momentum Engine Engine Light Angular Momentum Engine Power Core Light Nuclear Core Propulsion Aluminum Leg Leg Aluminum Leg Wheel Wheel Utility Medium Storage Unit Device Improved Terrain Scanner Storage Medium Storage Unit Hackware System Shield Weapon Field Laser Energy Gun Field Laser Energy Cannon Particle Cannon Ballistic Gun Light Assault Rifle Launcher Heavy Missile Launcher Special Weapon Mining Laser Slashing Weapon Mining Claw Build | -11 -10 -10 -10 -9 -8 -7 ------- Run | Yrd Mat Min Exi Min Mat Fac Slots Evolved 6 | . . . . . 4 2 Power . | . . . . . . . Propulsion 2 | . . . . . 2 . Utility 4 | . . . . . 2 2 Weapon . | . . . . . . . Parts Attached 38 | 7 10 . . 2 10 9 Power 9 | 1 3 . . 1 3 1 Engine 6 | 1 3 . . 1 1 . Core 3 | . . . . . 2 1 Reactor . | . . . . . . . Propulsion 8 | 2 2 . . 1 1 2 Treads . | . . . . . . . Leg 7 | 2 2 . . 1 1 1 Wheel 1 | . . . . . . 1 Hover . | . . . . . . . Flight . | . . . . . . . Utility 10 | 2 3 . . . 2 3 Device 6 | 1 2 . . . 1 2 Storage 3 | 1 1 . . . 1 . Processor . | . . . . . . . Hackware 1 | . . . . . . 1 Protection . | . . . . . . . Artifact . | . . . . . . . Weapon 11 | 2 2 . . . 4 3 Energy Gun 6 | 1 2 . . . 3 . Energy Cannon 1 | . . . . . . 1 Ballistic Gun 1 | 1 . . . . . . Ballistic Cannon . | . . . . . . . Launcher 1 | . . . . . . 1 Special Weapon 1 | . . . . . 1 . Impact Weapon . | . . . . . . . Slashing Weapon 1 | . . . . . . 1 Piercing Weapon . | . . . . . . . Special Melee Weapon . | . . . . . . . Unidentified Prototypes 1 | . . . . . 1 . Parts Lost 18 | . 2 . . . 4 12 Power 4 | . 1 . . . 1 2 Propulsion 6 | . . . . . 2 4 Utility 3 | . . . . . . 3 Weapon 5 | . 1 . . . 1 3 Highest Loss Streak 6 | . 2 . . . 3 6 To Critical Strikes . | . . . . . . . Average Backups 6 | 1 3 6 8 8 6 5 Power 1 | . . 2 2 2 1 . Propulsion . | . . . . . . . Utility 2 | . 1 3 3 4 2 3 Weapon 1 | 1 . 1 2 1 1 . Tool/Special . | . . . . . . . Unused Backups 6 | . 1 . . . 2 3 Power 2 | . . . . . 2 . Propulsion . | . . . . . . . Utility 2 | . . . . . . 2 Weapon 2 | . 1 . . . . 1 Tool/Special . | . . . . . . . Average Slot Usage (%) 85 | . 93 100 71 86 90 76 Engine 7 | . 9 14 14 14 8 . Core 1 | . . . . . . 6 Leg 24 | . 27 28 28 28 29 10 Device 17 | . 14 14 14 14 16 22 Storage 15 | . 14 14 14 14 16 14 Hackware 1 | . . . . . . 6 Energy Gun 15 | . 24 28 . 14 17 10 Peak Build Rating 37 | 9 11 11 10 17 35 37 Average Rating 24 | 5 9 9 9 13 30 33 On Entrance 12 | . 9 9 11 10 17 30 Naked Turns . | . . . . . . . Heaviest Build 32 | 11 22 22 18 23 32 29 Greatest Support 50 | 20 20 20 20 25 50 30 Greatest Overweight (x) 8 | . 1 1 . 1 . 8 Average Overweight (x) . | . . 1 . . . . Largest Inventory Capacity 10 | 8 10 10 10 10 10 10 Average Capacity 9 | 7 8 10 10 10 10 9 Most Carried 9 | 4 6 6 9 9 9 9 Average Carried 6 | 1 3 6 8 8 6 5 Final Capacity 10 | 8 10 10 10 10 10 5 Final Carried 9 | 2 6 6 9 8 5 4 Class Distribution -------------------- 45% | Scavenger-Skirmisher 28% | Mutant 13% | Infiltrator-Skirmisher 6% | Skirmisher 5% | Infiltrator-Mutant Dominant Class ---------------- Mutant | -10/Materials Mutant | -10/Mines Mutant | -10/Exiles Scavenger-Skirmisher | -9/Mines Scavenger-Skirmisher | -8/Materials Infiltrator-Skirmisher | -7/Factory Resources | -11 -10 -10 -10 -9 -8 -7 ----------- Run | Yrd Mat Min Exi Min Mat Fac Matter Collected 757 | 275 108 19 . 74 110 171 Remotely . | . . . . . . . Salvage Created 783 | 42 346 . . 10 123 262 Parts 54 | 9 18 . . . 12 15 Haulers Intercepted 1 | . 1 . . . . . Recyclers Shooed 3 | . 1 . . . 2 . Parts Field Recycled . | . . . . . . . Retrieved Matter . | . . . . . . . Parts Self-Destructed . | . . . . . . . Prevented . | . . . . . . . Kills | -11 -10 -10 -10 -9 -8 -7 ------- Run | Yrd Mat Min Exi Min Mat Fac Combat Hostiles Destroyed 23 | . 9 . . 1 5 8 Guns 16 | . 9 . . 1 5 1 Cannons 2 | . . . . . . 2 AOE 4 | . . . . . . 4 Classes Destroyed 8 | 1 4 . . . 2 1 Worker 1 | . . . . . 1 . Tunneler 2 | 2 . . . . . . Hauler 1 | . 1 . . . . . Watcher 1 | . 1 . . . . . Swarmer 12 | . 3 . . 1 4 4 Grunt 6 | . 6 . . . . . Sentry 2 | . . . . . 1 1 Programmer 3 | . . . . . . 3 Best Kill Streak 5 | 2 2 . . 1 5 4 Combat Bots Only 4 | . 2 . . 1 4 4 Max Kills in Single Turn 4 | 2 1 . . 1 2 4 Gunslinging 1 | . . . . . 1 . Exploded 4 | . . . . . . 4 Melee . | . . . . . . . Uniques/NPCs Destroyed . | . . . . . . . Combat | -11 -10 -10 -10 -9 -8 -7 -------- Run | Yrd Mat Min Exi Min Mat Fac Hostile Shots Fired 286 | . 68 1 . 4 37 176 Missed 79 | . 11 1 . . 7 60 Hits 207 | . 57 . . 4 30 116 Projectile 207 | . 57 . . 4 30 116 Critical Strikes 4 | . 1 . . . . 3 Damage Taken 2773 | . 561 . . 31 607 1574 Core 968 | . 58 . . 13 127 770 Absorbed by Shields . | . . . . . . . Core Remaining (%) 82 | 100 . . . 71 76 . Volleys Fired 121 | 5 42 . . 2 24 48 Largest 2 | 2 2 . . 2 2 2 Hottest 163 | 60 105 . . 90 163 113 Shots Fired 195 | 10 78 . . 5 42 60 Gun 161 | 10 78 . . 5 34 34 Cannon 21 | . . . . . . 21 Launcher 1 | . . . . . . 1 Special 12 | . . . . . 8 4 Kinetic 13 | 5 8 . . . . . Thermal 181 | 5 70 . . 5 42 59 Explosive 1 | . . . . . . 1 Electromagnetic . | . . . . . . . Robot Hit Streak 7 | 4 7 . . 2 6 6 Robot Miss Streak 5 | 1 5 . . 2 3 5 Penetration Max . | . . . . . . . Secondary Targets 2 | . . . . . 2 . Max Gunslinging Chain 1 | . . . . . 1 . Shots Hit Robots 106 | 7 48 . . 2 21 28 Core Hits 46 | 3 18 . . 1 9 15 Critical Kills . | . . . . . . . Critical Parts Destroyed . | . . . . . . . Critical Strikes 2 | . . . . . 1 1 Burn 2 | . . . . . 1 1 Melee Attacks 2 | . . . . . . 2 Impact . | . . . . . . . Slashing 2 | . . . . . . 2 Piercing . | . . . . . . . Sneak Attacks . | . . . . . . . Combat Hostiles . | . . . . . . . Follow-up Attacks . | . . . . . . . Damage Inflicted 1829 | 79 572 . . 25 338 815 Guns 1287 | 79 572 . . 25 338 273 Cannons 286 | . . . . . . 286 Explosions 238 | . . . . . . 238 Melee . | . . . . . . . Ramming 18 | . . . . . . 18 Kinetic 82 | 35 47 . . . . . Thermal 1491 | 44 525 . . 25 338 559 Explosive 238 | . . . . . . 238 Electromagnetic . | . . . . . . . Impact . | . . . . . . . Slashing . | . . . . . . . Piercing . | . . . . . . . Highest Corruption 9 | . 4 4 4 4 9 7 Average Corruption 3 | . 3 4 4 4 9 2 Corruption Purged . | . . . . . . . Corruption Blocked . | . . . . . . . Effects 62 | . 1 5 12 18 4 22 Message Errors 16 | . . . 4 6 1 5 Matter Fused 9 | . . 2 1 1 . 5 Heat Flow Errors 13 | . . 2 4 3 . 4 Energy Discharges 12 | . . . 1 5 3 3 Parts Fused 1 | . . . . . . 1 Data Loss (minor) 5 | . 1 1 . 1 . 2 Data Loss (major) 5 | . . . 2 1 . 2 Misfires 1 | . . . . 1 . . Overload Shots . | . . . . . . . Overflow Damage . | . . . . . . . Projectiles . | . . . . . . . Explosions . | . . . . . . . Melee . | . . . . . . . Knockbacks . | . . . . . . . Impact . | . . . . . . . Kinetic . | . . . . . . . Secondary . | . . . . . . . Self-Inflicted Damage 144 | . . . . . . 144 Shots 2 | . . . . . . 2 Rammed 8 | . . . . . . 8 Targets Rammed 8 | . . . . . . 8 Kicked . | . . . . . . . Crushed . | . . . . . . . Highest Temperature 344 | 20 150 259 271 267 344 264 Average Temperature 90 | 15 31 122 134 92 88 104 Received Heat Transfer 366 | . 153 . . . 27 186 Effects 1 | . . . . . 1 . Energy Bleed 1 | . . . . . 1 . Siege Activations . | . . . . . . . Martial Activations . | . . . . . . . Shielding Activations . | . . . . . . . Robots Disrupted . | . . . . . . . Combat Hostiles . | . . . . . . . Robots Corrupted . | . . . . . . . Combat Hostiles . | . . . . . . . Parts Fried . | . . . . . . . Impact Corruptions . | . . . . . . . Robots Melted 1 | . . . . . . 1 Combat Hostiles 1 | . . . . . . 1 Parts Melted 13 | . 2 . . . 3 8 Heat Transferred 3475 | 100 1266 . . 74 888 1147 Parts Sabotaged . | . . . . . . . Parts Stolen . | . . . . . . . Parts Stripped . | . . . . . . . Power Chain Reactions . | . . . . . . . Alert | -11 -10 -10 -10 -9 -8 -7 ------- Run | Yrd Mat Min Exi Min Mat Fac Maximum Alert Level . | . . . . . . . Low Security (%) 100 | 100 100 100 . 100 100 100 Level 1 . | . . . . . . . Level 2 . | . . . . . . . Level 3 . | . . . . . . . Level 4 . | . . . . . . . Level 5 . | . . . . . . . High Security . | . . . . . . . Max Security . | . . . . . . . Peak Influence 94 | 10 73 68 . 53 94 75 Initial 40 | . . . . . . 40 Average 6 | 1 22 23 . 2 3 5 Influence Increases 908 | 10 295 78 . 73 141 311 Destroy 0b10 Robot/C 560 | . 180 60 . 60 100 160 Destroy 0b10 Robot/NC 25 | 10 10 . . . 5 . Destroy Leader 144 | . 54 10 . 10 20 50 Allied During Kill 11 | . . 8 . 3 . . Successful Hack 18 | . 5 . . . 10 3 Disable Machine 15 | . . . . . . 15 Destroy Structure 15 | . 1 . . . 6 8 Partial Spotted 15 | . . . . . . 15 Lose Combat Pursuer 105 | . 45 . . . . 60 Influence Decreases 723 | 10 295 78 . 73 51 216 Entered New Map 50 | . . . . . . 50 Time Decay 602 | 10 275 78 . 53 40 146 Lost Part 41 | . 20 . . . 1 20 Lost Ally 30 | . . . . 20 10 . Squads Dispatched 8 | . 3 . . 1 . 4 Investigation 2 | . 2 . . . . . Extermination 4 | . . . . . . 4 Reinforcement 1 | . 1 . . . . . Assault 1 | . . . . 1 . . Garrison . | . . . . . . . Intercept . | . . . . . . . Searches Triggered . | . . . . . . . Construction Impeded . | . . . . . . . Haulers Reinforced . | . . . . . . . Active Scanning Responses . | . . . . . . . Cargo Convoy Interrupts . | . . . . . . . Stealth | -11 -10 -10 -10 -9 -8 -7 --------- Run | Yrd Mat Min Exi Min Mat Fac Distress Signals 3 | . 1 . . . 1 1 Communications Jammed 1 | . . . . . . 1 Distress Signals 1 | . . . . . . 1 Times Spotted 47 | . 19 3 . 1 8 16 Peak Tracking Total 9 | . 3 3 . 1 5 9 Tactical Retreats 7 | . 3 1 . . 1 2 Traps | -11 -10 -10 -10 -9 -8 -7 ------- Run | Yrd Mat Min Exi Min Mat Fac Traps Triggered 5 | . 4 . . . . 1 Indirectly . | . . . . . . . Trap Hack Attempts . | . . . . . . . Triggered . | . . . . . . . Disarmed . | . . . . . . . Reprogrammed . | . . . . . . . Reused . | . . . . . . . Traps Extracted . | . . . . . . . Installed . | . . . . . . . Triggered . | . . . . . . . Machines | -11 -10 -10 -10 -9 -8 -7 ---------- Run | Yrd Mat Min Exi Min Mat Fac Machines Disabled 1 | . . . . . . 1 Max in Single Turn 1 | . . . . . . 1 Machines Repaired . | . . . . . . . Machines Dismantled . | . . . . . . . Machines Sabotaged . | . . . . . . . Overloaded Fab Kills . | . . . . . . . Hacking | -11 -10 -10 -10 -9 -8 -7 --------- Run | Yrd Mat Min Exi Min Mat Fac Machines Accessed 13 | . 2 . 5 . 3 3 Terminals 4 | . 1 . . . 2 1 Fabricators . | . . . . . . . Repair Stations . | . . . . . . . Recycling Units 4 | . 1 . . . 1 2 Scanalyzers . | . . . . . . . Garrison Access . | . . . . . . . Total Hacks 65 | . 4 . 50 . 5 6 Successful 58 | . 3 . 50 . 4 1 Failed 7 | . 1 . . . 1 5 Catastrophic 2 | . . . . . . 2 Database Lockouts . | . . . . . . . Manual 15 | . 3 . 1 . 5 6 Terminals 8 | . 1 . . . 4 3 Fabricators . | . . . . . . . Repair Stations . | . . . . . . . Recycling Units 7 | . 3 . . . 1 3 Scanalyzers . | . . . . . . . Garrison Access . | . . . . . . . Terminal Hacks 53 | . 1 . 50 . 2 . Record 49 | . . . 49 . . . Locate Traps 1 | . . . . . 1 . Zone Layout 2 | . 1 . . . 1 . Proto ID Catalog 1 | . . . 1 . . . Fabricator Hacks . | . . . . . . . Repair Station Hacks . | . . . . . . . Recycling Unit Hacks 1 | . 1 . . . . . Report Inventory 1 | . 1 . . . . . Scanalyzer . | . . . . . . . Garrison Access Hacks . | . . . . . . . Unauthorized Hacks 4 | . 1 . . . 2 1 Terminals 1 | . . . . . 1 . Assimilate 1 | . . . . . 1 . Fabricators . | . . . . . . . Repair Stations . | . . . . . . . Recycling Units 3 | . 1 . . . 1 1 Reject 3 | . 1 . . . 1 1 Scanalyzers . | . . . . . . . Garrison Access . | . . . . . . . Data Cores Recovered . | . . . . . . . Used . | . . . . . . . Hacking Detections 5 | . 1 . . . 2 2 Full Trace Events 1 | . 1 . . . . . Feedback Events . | . . . . . . . Feedback Blocked . | . . . . . . . Robot Schematics Acquired . | . . . . . . . Robots Built . | . . . . . . . Authchips . | . . . . . . . Time . | . . . . . . . Total Robot Build Rating . | . . . . . . . Part Schematics Acquired . | . . . . . . . Parts Built . | . . . . . . . Authchips . | . . . . . . . Time . | . . . . . . . Total Part Build Rating . | . . . . . . . Parts Repaired . | . . . . . . . Time . | . . . . . . . Parts Recycled . | . . . . . . . Recycled Matter . | . . . . . . . Retrieved Matter . | . . . . . . . Retrieved Components . | . . . . . . . Parts Scanalyzed . | . . . . . . . Part Schematics Acquired . | . . . . . . . Parts Damaged . | . . . . . . . Bothacking | -11 -10 -10 -10 -9 -8 -7 ------------ Run | Yrd Mat Min Exi Min Mat Fac Used RIF Installer . | . . . . . . . Robots Hacked . | . . . . . . . Non-combat . | . . . . . . . Combat . | . . . . . . . Robot Hacks Applied . | . . . . . . . Relay Couplers Released . | . . . . . . . Fabnet Peak Effective % . | . . . . . . . Robots Rewired . | . . . . . . . Allies Hacked . | . . . . . . . Hacks Repelled . | . . . . . . . Allies | -11 -10 -10 -10 -9 -8 -7 -------- Run | Yrd Mat Min Exi Min Mat Fac Total Allies 4 | . . 2 . 1 1 . Largest Group 2 | . . 2 2 1 1 . Highest-Rated Group 38 | . . 38 38 31 10 . Highest-Rated Ally 31 | . . 31 31 31 10 . Total Orders . | . . . . . . . Ally Attacks 11 | . . 6 . 5 . . Total Damage 170 | . . 86 . 84 . . Kills 5 | . . 3 . 2 . . Allies Corrupted . | . . . . . . . Allies Melted . | . . . . . . . Intel | -11 -10 -10 -10 -9 -8 -7 ------- Run | Yrd Mat Min Exi Min Mat Fac Active Infowar (turns) 6500 | 20 147 222 569 780 3064 1698 Terrain 6340 | 20 107 103 569 780 3064 1697 Jamming 1368 | . . . . . . 1368 ECM 3289 | . 40 119 . . 1464 1666 Robot Analysis Total . | . . . . . . . Derelict Logs Recovered 2 | . . . . 2 . . Drone Launches . | . . . . . . . Drone Recoveries . | . . . . . . . Exploration | -11 -10 -10 -10 -9 -8 -7 ------------- Run | Yrd Mat Min Exi Min Mat Fac Turns Passed 7319 | 119 823 222 569 780 3064 1742 Spaces Moved 3284 | 78 445 108 470 441 797 945 Core 72 | 7 . . . . . 65 Treads . | . . . . . . . Legs 2993 | 71 445 108 470 441 797 661 Wheels 219 | . . . . . . 219 Hover . | . . . . . . . Flight . | . . . . . . . Fastest Speed 50 | 50 120 190 120 120 120 50 Average Speed 125 | 113 130 190 120 122 120 124 Slowest Speed 450 | 120 190 190 120 190 120 450 Overloaded Moves . | . . . . . . . Propulsion Burnouts . | . . . . . . . Robots Hopped . | . . . . . . . Potential Cave-ins . | . . . . . . . Cave-ins Triggered 1 | . . . . . 1 . Exploration Rate (%) 41 | 3 46 28 92 71 29 20 Regions Visited 6 Branch Regions 3 Pre-discovered Areas 1 | . . . 1 . . . Known Exits Taken 1 | . . . . . 1 . Unknown Exits Taken 5 | 1 1 1 1 1 . . Scrap Searched 1 | . . . . 1 . . Spaces Dug 5 | . . . . . 5 . Terrain Destroyed 15 | . . . . . 7 8 Melee . | . . . . . . . Projectile 7 | . . . . . 7 . AOE 8 | . . . . . . 8 Terrain Rammed . | . . . . . . . Walls Destroyed . | . . . . . . . Machines Disabled . | . . . . . . . Actions | -11 -10 -10 -10 -9 -8 -7 --------- Run | Yrd Mat Min Exi Min Mat Fac Total 6273 | 100 611 125 476 675 2843 1443 Wait 2725 | . 92 17 1 226 1988 401 Move 3278 | 77 444 107 469 440 796 945 Hop . | . . . . . . . Pick Up 49 | 10 15 . 1 2 8 13 Fast Attach . | . . . . . . . Attach 32 | 7 4 . . 2 8 11 Detach 5 | . . . 2 . 1 2 Swap 29 | . 7 1 . 2 13 6 Drop 21 | 1 7 . . 1 5 7 Fire 121 | 5 42 . . 2 24 48 Melee 2 | . . . . . . 2 Ram 8 | . . . . . . 8 Kick . | . . . . . . . Crush . | . . . . . . . Escape Stasis . | . . . . . . . Rewire 3 | . . . 3 . . . Trap . | . . . . . . . Miscellaneous . | . . . . . . . Route ------- -11/Scrapyard -10/Materials -10/Mines -10/Exiles -9/Mines -8/Materials -7/Factory History --------- Turn | Location | Event 2 | -11/Scrapyard | Met Revision 17 5 | -11/Scrapyard | Discovered new exit (range 15) 120 | -11/Scrapyard | Entered Materials 317 | -10/Materials | Build established: Mutant 554 | -10/Materials | Discovered new exit (range 16) 943 | -10/Materials | Entered Mines 1155 | -10/Mines | Deemed a non-threat by the Exiles lab entrance 1155 | -10/Mines | Discovered new exit (range 5) 1165 | -10/Mines | Entered Exiles 1165 | -10/Exiles | Accompanied by 2 allies 1195 | -10/Exiles | Led the pair of lost Derelicts to a safe place 1196 | -10/Exiles | Met 8R-AWN 1214 | -10/Exiles | Met EX-HEX 1249 | -10/Exiles | Met EX-BIN 1266 | -10/Exiles | Aligned with FarCom system 1267 | -10/Exiles | Given EX-Vault access code 1333 | -10/Exiles | Opened EX-Vault 1339 | -10/Exiles | Found Superbattery 1364 | -10/Exiles | Warned to stay clear of 0b10 Research branches 1402 | -10/Exiles | Met EX-DEC 1408 | -10/Exiles | Learned location of Zion (-7) 1526 | -10/Exiles | Visited The Gauntlet 1719 | -10/Exiles | Discovered new exit (range 14) 1734 | -10/Exiles | Left Exiles lab with Superbattery 1734 | -10/Exiles | Entered Mines 1735 | -9/Mines | Met a Derelict testing a Signal Generator 1776 | -9/Mines | Learned Materials emergency access door positions 2450 | -9/Mines | Build established: Scavenger-Skirmisher 2498 | -9/Mines | Discovered new exit (range 13) 2514 | -9/Mines | Entered Materials 2514 | -8/Materials | Evolved 4 slots: Propulsion x2, Utility x2 2515 | -8/Materials | Identified exit to Factory 5444 | -8/Materials | Crushed by falling debris 5475 | -8/Materials | Lost 3 parts (1p2n) 5578 | -8/Materials | Entered Factory 5578 | -7/Factory | Evolved 2 slots: Utility x2 5748 | -7/Factory | Build established: Skirmisher 6184 | -7/Factory | Build established: Infiltrator-Skirmisher 6962 | -7/Factory | Lost 3 parts (2n1w) 7224 | -7/Factory | Build established: Infiltrator-Mutant 7284 | -7/Factory | Core integrity fell below 50% 7310 | -7/Factory | Lost 6 parts (1p1n3u1w) 7315 | -7/Factory | Core integrity fell below 20% 7320 | -7/Factory | Destroyed self via exploding Fusion Modulator Last Messages --------------- ECM Suite destroyed. Imp. Terrain Scanner destroyed. Slammed into P-60 Hacker. Destabilizing: System interference. Transmission Jammer temporarily disabled. Slammed into P-60 Hacker. Mic. Nuclear Core destroyed. Wheel destroyed. Slammed into P-60 Hacker. Transmission Jammer destroyed. Dropped Med. Storage Unit. Dropped Imp. Heat Sink. System corrupted: Matter fused (-6). System corrupted: Energy discharge (-21). Slammed into S-27 Virus. Acquired Hvy. Missile Launcher. Destroyed VTOL Module. S-27 Virus destroyed. Fusion Modulator explodes. S-27 Virus destroyed. Map ----- +----------------------------------------------------+ | | | | | | | | | | | | | | | | | | | | | | | | | | | | | | | | | | | | | | | | | | | | | | | | | ?????????????????###### ###???????????????? | | ?????????????????# ! @ #???????????????? | | ?????????????????# *"""#???????????????? | | ?????????????????# """ R"#???????????????? | | ????????????????##== """ """#???????????????? | | ????????????????# =! """ % #???????????????? | | ????????????????## Yp #???????????????? | | ?????????????????# """ """ """ #???????????????? | | ?????????????????#= """ """ """ #???????????????? | | ?????????????????# """ """ """ #???????????????? | | ?????????????????# #???????????????? | | ?????????????############+###########????????????? | | ?????????????# ]?# + #??????? | | ?????????????# ?# # """"""" ?????????? | | ?????????????# / # # ?""""?????????????? | | ?????????????# # #????"??????????????? | | ?????????????# / +???????????????????? | | ?????????????# " " " # #???????????????????? | | ?????????????# " " " + #???????????????????? | | ???????????? # " " "?# #???????????????????? | | ?????????????? " " "?# #?????"?????????????? | | ?????????? ??? " " ??# #???????????????????? | | ?????????????? " " ? # #????? ?????????????? | | ???????????????" "???# #?????????????#?????? | | ???????????????" "???# #???#???????????????? | | ???????????????"?????# #???????????????????? | +----------------------------------------------------+ Best States ------------- Heat Dissipation 48 Energy Generation 18 Energy Capacity 1660 Matter Stores 300 Matter Capacity 300 Sight Range 16 Terrain Scan Range 16 Terrain Scan Density 10 ECM Strength 1 Jamming Range 12 Evasion (%) 55 Defensive Hacking 10 Item Schematics ----------------- None Robot Schematics ------------------ None Fabricated ------------ Nothing Repaired ---------- Nothing Alien Tech Used ----------------- None Achievements -------------- None Challenges ------------ None Game ------ Seed BraceXenonRipteeth Manual? 0 Play Time 01:04:33 Cumulative 29.2 hours Start 2025.10.13 @ 19:06:48 End 2025.10.13 @ 20:27:17 Sessions 1 Manual Loads 0 Difficulty Rogue Special Mode None Game No. 71 Rogue 71 Adventurer 0 Explorer 0 Win Type - Total 0 Types 0/0/0/0/0/0/0/0/0/0 Lore% 22 Gallery% 29 Achievement% 26 Wizard Run 0 Options --------- Layout 2 ASCII 0 Keyboard 0 Movement Numpad Keybinds 0 Fullscreen 1 Font 24/Smallcaps Map View 50x44 Zoom Use 0% Tactical HUD 0 Map Filters NONE Filters NONE Steam 1 RUN: 66284979-c248-439b-938f-261716faf0b2